| TOP OF THE 1ST |
|
Miami Marlins batting - Pitching for Montreal Expos : RHP Jonathan Jackson
|
|
Pitching: RHP Jonathan Jackson
|
|
|
Batting: RHB Jeff Garofalo
|
0-0: Ball 1-0: Foul Ball, location: 2F 1-1: Foul Ball, location: 2F 1-2: Foul Ball, location: 2F 1-2: Ball 2-2: Ball 3-2: Foul Ball, location: 2F 3-2: Foul Ball, location: 2F 3-2: SOLO HOME RUN (Flyball, 7D, EV 96.9 MPH), Distance : 399 ft
|
|
Batting: RHB Micah Christopher
|
0-0: Foul Ball, location: 2F 0-1: Ball 1-1: SINGLE (Line Drive, 3D, EV 94.4 MPH)
|
|
Batting: LHB Andre Gorter
|
0-0: Ball 1-0: Called Strike 1-1: Called Strike 1-2: Strikes out swinging
|
|
Batting: RHB Mark Barger
|
0-0: Called Strike 0-1: Ball 1-1: SINGLE (Groundball, 56D, EV 98.1 MPH) Micah Christopher to second
|
|
Batting: RHB Steve Barnard
|
0-0: Called Strike 0-1: Ball 1-1: Ball 2-1: Ball 3-1: Base on Balls Micah Christopher to third Mark Barger to second
|
|
Batting: LHB Mike Kara
|
0-0: Foul Ball, location: 2F 0-1: Ball 1-1: SINGLE (Groundball, 4MD, EV 96.3 MPH) Micah Christopher scores Mark Barger to third Steve Barnard to second Runner from 3rd tries for Home, throw by CF and OUT! 8-2
|
|
Batting: RHB Josh Crenwelge
|
0-0: Swinging Strike 0-1: Ball 1-1: Ball 2-1: Swinging Strike 2-2: Ball 3-2: Foul Ball, location: 2F 3-2: Fly out, F7 (Line Drive, 7, EV 97.5 MPH)
|
| Top of the 1st over - 2 runs, 4 hits, 0 errors, 2 left on base; Miami 2 - Montreal 0 |
| BOTTOM OF THE 1ST |
|
Montreal Expos batting - Pitching for Miami Marlins : RHP Alex Mora
|
|
Pitching: RHP Alex Mora
|
|
|
Batting: SHB Bran Stark
|
0-0: Called Strike 0-1: DOUBLE (Line Drive, 89XD, EV 101.9 MPH)
|
|
Batting: RHB Robby Juarez
|
0-0: Fly out, F8 (Flyball, 8LD, EV 98.1 MPH)
|
|
Batting: RHB Mike Salmon
|
0-0: Called Strike 0-1: 2-RUN HOME RUN (Flyball, 9LD, EV 95.6 MPH), Distance : 342 ft
|
|
Batting: RHB Hugo Bautista
|
0-0: Ball 1-0: Called Strike 1-1: Foul Ball, location: 2F 1-2: Foul Ball, location: 2F 1-2: Ball 2-2: Foul Ball, location: 2F 2-2: SOLO HOME RUN (Flyball, 89XD, EV 97.5 MPH), Distance : 388 ft
|
|
Batting: LHB Jimmy Buscemi
|
0-0: Called Strike 0-1: Foul Ball, location: 2F 0-2: Foul Ball, location: 2F 0-2: Foul Ball, location: 2F 0-2: Ball 1-2: Ball 2-2: Foul Ball, location: 2F 2-2: Ground out 4-3 (Groundball, 4, EV 76.9 MPH)
|
|
Batting: LHB Tommy Luce
|
0-0: SINGLE (Groundball, 34D, EV 101.9 MPH)
|
|
Batting: RHB Martin Chavez
|
0-0: Called Strike 0-1: Ball 1-1: SINGLE (Line Drive, 4M, EV 95.6 MPH) Tommy Luce to second Runner from 2nd tries for 3rd, OUT! 8-5
|
| Bottom of the 1st over - 3 runs, 5 hits, 0 errors, 1 left on base; Miami 2 - Montreal 3 |
| TOP OF THE 2ND |
|
Miami Marlins batting - Pitching for Montreal Expos : RHP Jonathan Jackson
|
|
Batting: RHB Tommy Hughes
|
0-0: Ball 1-0: Reached via error on a dropped throw from 1B, E1 (Groundball, 34, EV 103.8 MPH)
|
|
Batting: LHB Luis Aguilar
|
0-0: Called Strike 0-1: Ball 1-1: Grounds into double play, 4-6-3 (Groundball, 4, EV 89.4 MPH)
|
|
Batting: RHB Jeff Garofalo
|
0-0: Ball 1-0: Called Strike 1-1: Fly out, F9 (Line Drive, 9S, EV 88.8 MPH)
|
| Top of the 2nd over - 0 runs, 0 hits, 1 error, 0 left on base; Miami 2 - Montreal 3 |
| BOTTOM OF THE 2ND |
|
Montreal Expos batting - Pitching for Miami Marlins : RHP Alex Mora
|
|
Batting: RHB Wen-hua Lei
|
0-0: Ball 1-0: Called Strike 1-1: Swinging Strike 1-2: Ball 2-2: Foul Ball, location: 2F 2-2: SINGLE (Groundball, 56D, EV 105.6 MPH)
|
|
Batting: RHB John Ham
|
0-0: Ball 1-0: Called Strike 1-1: SINGLE (Groundball, 4MD, EV 98.8 MPH) Wen-hua Lei to second Runner from 2nd tries for 3rd, SAFE, throw by CF made to third
|
|
Batting: SHB Bran Stark
|
0-0: Ball 1-0: Foul Ball, location: 2F 1-1: TRIPLE (Line Drive, 89XD, EV 102.5 MPH) Wen-hua Lei scores John Ham scores
|
|
Batting: RHB Robby Juarez
|
0-0: Foul Ball, location: 2F 0-1: Foul Ball, location: 2F 0-2: Ball 1-2: Ground out 5-3 (Groundball, 56S, EV 88.8 MPH) Bran Stark scores
|
|
Batting: RHB Mike Salmon
|
0-0: Called Strike 0-1: Ball 1-1: Ball 2-1: Foul Ball, location: 2F 2-2: Foul Ball, location: 2F 2-2: Ground out 5-3 (Groundball, 56, EV 85.6 MPH)
|
|
Batting: RHB Hugo Bautista
|
0-0: Called Strike 0-1: Ball 1-1: DOUBLE (Line Drive, 89XD, EV 106.3 MPH)
|
|
Pitching: RHP Julio Espinel
|
|
|
Batting: LHB Jimmy Buscemi
|
0-0: Called Strike 0-1: Called Strike 0-2: Foul Ball, location: 2F 0-2: Ground out 4-3 (Groundball, 34, EV 91.3 MPH)
|
| Bottom of the 2nd over - 3 runs, 4 hits, 0 errors, 1 left on base; Miami 2 - Montreal 6 |
| TOP OF THE 3RD |
|
Miami Marlins batting - Pitching for Montreal Expos : RHP Jonathan Jackson
|
|
Batting: RHB Micah Christopher
|
0-0: Swinging Strike 0-1: Ground out 1-3 (Groundball, 15S, EV 71.3 MPH)
|
|
Batting: LHB Andre Gorter
|
0-0: Ball 1-0: Called Strike 1-1: DOUBLE (Flyball, 8RXD, EV 94.4 MPH)
|
|
Batting: RHB Mark Barger
|
0-0: Ball 1-0: Ball 2-0: Called Strike 2-1: Ball 3-1: Fly out, F4 (Popup, 13, EV 77.5 MPH)
|
|
Batting: RHB Steve Barnard
|
0-0: Fly out, F5 (Popup, 25F, EV 85.0 MPH)
|
| Top of the 3rd over - 0 runs, 1 hit, 0 errors, 1 left on base; Miami 2 - Montreal 6 |
| BOTTOM OF THE 3RD |
|
Montreal Expos batting - Pitching for Miami Marlins : RHP Julio Espinel
|
|
Batting: LHB Tommy Luce
|
0-0: Called Strike 0-1: Ball 1-1: Ball 2-1: Ground out 4-3 (Groundball, 4, EV 104.4 MPH)
|
|
Batting: RHB Martin Chavez
|
0-0: Ball 1-0: Called Strike 1-1: SOLO HOME RUN (Flyball, 7LD, EV 91.3 MPH), Distance : 335 ft
|
|
Batting: RHB Wen-hua Lei
|
0-0: Ball 1-0: Fly out, F8 (Flyball, 8RM, EV 94.4 MPH)
|
|
Batting: RHB John Ham
|
0-0: Called Strike 0-1: Swinging Strike 0-2: Ball 1-2: Fly out, F9 (Flyball, 89S, EV 86.3 MPH)
|
| Bottom of the 3rd over - 1 run, 1 hit, 0 errors, 0 left on base; Miami 2 - Montreal 7 |
| TOP OF THE 4TH |
|
Miami Marlins batting - Pitching for Montreal Expos : RHP Jonathan Jackson
|
|
Batting: LHB Mike Kara
|
0-0: Ball 1-0: Foul Ball, location: 2F 1-1: Swinging Strike 1-2: Ground out 4-3 (Groundball, 4, EV 86.3 MPH)
|
|
Batting: RHB Josh Crenwelge
|
0-0: Called Strike 0-1: Foul Ball, location: 2F 0-2: SINGLE (Line Drive, 6MD, EV 96.3 MPH)
|
|
Batting: RHB Tommy Hughes
|
0-0: Ball 1-0: Called Strike 1-1: Foul Ball, location: 2F 1-2: Strikes out swinging
|
|
Batting: LHB Luis Aguilar
|
0-0: Ball 1-0: Ball 2-0: Called Strike 2-1: Called Strike 2-2: Strikes out swinging
|
| Top of the 4th over - 0 runs, 1 hit, 0 errors, 1 left on base; Miami 2 - Montreal 7 |
| BOTTOM OF THE 4TH |
|
Montreal Expos batting - Pitching for Miami Marlins : RHP Julio Espinel
|
|
Batting: SHB Bran Stark
|
0-0: Called Strike 0-1: Ground out 4-3 (Groundball, 4, EV 85.0 MPH)
|
|
Batting: RHB Robby Juarez
|
0-0: Called Strike 0-1: Called Strike 0-2: Ball 1-2: Foul Ball, location: 2F 1-2: Fly out, F7 (Flyball, 7LD, EV 93.1 MPH)
|
|
Batting: RHB Mike Salmon
|
0-0: Ball 1-0: TRIPLE (Groundball, 5L, EV 103.8 MPH)
|
|
Batting: RHB Hugo Bautista
|
0-0: Called Strike 0-1: Foul Ball, location: 2F 0-2: Ball 1-2: Ground out 4-3 (Groundball, 4, EV 84.4 MPH)
|
| Bottom of the 4th over - 0 runs, 1 hit, 0 errors, 1 left on base; Miami 2 - Montreal 7 |
| TOP OF THE 5TH |
|
Miami Marlins batting - Pitching for Montreal Expos : RHP Jonathan Jackson
|
|
Batting: RHB Jeff Garofalo
|
0-0: Called Strike 0-1: Ball 1-1: Ball 2-1: SINGLE (Groundball, 4MD, EV 106.3 MPH)
|
|
Batting: RHB Micah Christopher
|
0-0: Foul Ball, location: 2F 0-1: Swinging Strike 0-2: Foul Ball, location: 2F 0-2: Strikes out swinging
|
|
Batting: LHB Andre Gorter
|
0-0: Ball 1-0: Foul Ball, location: 2F 1-1: Ball 2-1: Called Strike 2-2: Foul Ball, location: 2F 2-2: Fly out, F3 (Popup, 3S, EV 82.5 MPH)
|
|
Batting: RHB Mark Barger
|
0-0: Called Strike 0-1: Foul Ball, location: 2F 0-2: Ball 1-2: Fielders Choice at 2nd, 4-6 (Groundball, 6M, EV 84.4 MPH)
|
| Top of the 5th over - 0 runs, 1 hit, 0 errors, 1 left on base; Miami 2 - Montreal 7 |
| BOTTOM OF THE 5TH |
|
Montreal Expos batting - Pitching for Miami Marlins : RHP Julio Espinel
|
|
Batting: LHB Jimmy Buscemi
|
0-0: Called Strike 0-1: Swinging Strike 0-2: Fly out, F4 (Popup, 4D, EV 46.9 MPH)
|
|
Batting: LHB Tommy Luce
|
0-0: Ball 1-0: Ball 2-0: Ball 3-0: Called Strike 3-1: Foul Ball, location: 2F 3-2: Base on Balls
|
|
Pitching: RHP Ian Newman
|
|
|
Batting: RHB Martin Chavez
|
0-0: Called Strike Tommy Luce steals 2nd base 0-1: Ball 1-1: Called Strike 1-2: Ball 2-2: Strikes out swinging
|
|
Batting: RHB Wen-hua Lei
|
0-0: Called Strike Tommy Luce steals 3rd base 0-1: Foul Ball, location: 2F 0-2: Ball 1-2: Strikes out swinging
|
| Bottom of the 5th over - 0 runs, 0 hits, 0 errors, 1 left on base; Miami 2 - Montreal 7 |
| TOP OF THE 6TH |
|
Miami Marlins batting - Pitching for Montreal Expos : RHP Jonathan Jackson
|
|
Batting: RHB Steve Barnard
|
0-0: Ball 1-0: Fly out, F7 (Flyball, 7LM, EV 86.3 MPH)
|
|
Batting: LHB Mike Kara
|
0-0: Ball 1-0: Called Strike 1-1: Foul Ball, location: 2F 1-2: Ground out U3 (Groundball, 13, EV 83.1 MPH)
|
|
Batting: RHB Josh Crenwelge
|
0-0: Called Strike 0-1: Ball 1-1: Foul Ball, location: 2F 1-2: Ball 2-2: Strikes out looking
|
| Top of the 6th over - 0 runs, 0 hits, 0 errors, 0 left on base; Miami 2 - Montreal 7 |
| BOTTOM OF THE 6TH |
|
Montreal Expos batting - Pitching for Miami Marlins : RHP Ian Newman
|
|
Batting: RHB John Ham
|
0-0: Ball 1-0: Foul Ball, location: 2F 1-1: Fly out, F9 (Flyball, 89S, EV 85.0 MPH)
|
|
Batting: SHB Bran Stark
|
0-0: Called Strike 0-1: Ball 1-1: SINGLE (Groundball, 6MD, EV 98.1 MPH)
|
|
Batting: RHB Robby Juarez
|
0-0: Ball Bran Stark steals 2nd base 1-0: Ball 2-0: Foul Ball, location: 2F 2-1: Ball Bran Stark steals 3rd base (no throw) 3-1: Fly out, F7 (Flyball, 7LS, EV 81.3 MPH)
|
|
Batting: RHB Mike Salmon
|
0-0: Foul Ball, location: 2F 0-1: Ball 1-1: Swinging Strike 1-2: DOUBLE (Line Drive, 3D, EV 101.9 MPH) Bran Stark scores
|
|
Batting: RHB Hugo Bautista
|
0-0: Called Strike 0-1: Fly out, F9 (Line Drive, 9, EV 92.5 MPH)
|
| Bottom of the 6th over - 1 run, 2 hits, 0 errors, 1 left on base; Miami 2 - Montreal 8 |
| TOP OF THE 7TH |
|
Miami Marlins batting - Pitching for Montreal Expos : RHP Jonathan Jackson
|
|
Batting: RHB Tommy Hughes
|
0-0: Foul Ball, location: 2F 0-1: Ball 1-1: Ball 2-1: Swinging Strike 2-2: Foul Ball, location: 2F 2-2: Ball 3-2: Foul Ball, location: 2F 3-2: Strikes out looking
|
|
Batting: LHB Luis Aguilar
|
0-0: Ball 1-0: Foul Ball, location: 2F 1-1: Foul Ball, location: 2F 1-2: Ball 2-2: SINGLE (Groundball, 4MD, EV 106.3 MPH)
|
|
Pitching: RHP Tyler Lybrand
|
|
|
Batting: RHB Jeff Garofalo
|
0-0: Swinging Strike 0-1: Ball 1-1: Fielders Choice at 2nd, 1-4 (Groundball, P, EV 69.4 MPH)
|
|
Batting: RHB Micah Christopher
|
0-0: Called Strike 0-1: Foul Ball, location: 2F 0-2: Ball 1-2: Foul Ball, location: 2F 1-2: 2-RUN HOME RUN (Flyball, 7LD, EV 90.6 MPH), Distance : 326 ft
|
|
Batting: LHB Andre Gorter
|
0-0: Called Strike 0-1: DOUBLE (Line Drive, 89M, EV 110.6 MPH)
|
|
Batting: RHB Mark Barger
|
0-0: Ball 1-0: Ball 2-0: Called Strike 2-1: Foul Ball, location: 2F 2-2: Strikes out swinging
|
| Top of the 7th over - 2 runs, 3 hits, 0 errors, 1 left on base; Miami 4 - Montreal 8 |
| BOTTOM OF THE 7TH |
|
Montreal Expos batting - Pitching for Miami Marlins : RHP Ian Newman
|
|
Pitching: RHP Travis Small
|
|
|
Batting: LHB Jimmy Buscemi
|
0-0: Fly out, F5 (Popup, 5S, EV 76.3 MPH)
|
|
Batting: LHB Tommy Luce
|
0-0: Swinging Strike 0-1: Foul Ball, location: 2F 0-2: Ball 1-2: Ball 2-2: Ground out U3 (Groundball, 3, EV 83.1 MPH)
|
|
Batting: RHB Martin Chavez
|
0-0: Foul Ball, location: 2F 0-1: Ball 1-1: Ball 2-1: SINGLE (Groundball, 56, EV 105.6 MPH)
|
|
Batting: RHB Wen-hua Lei
|
0-0: Called Strike 0-1: Ball 1-1: Ball 2-1: 2-RUN HOME RUN (Flyball, 9D, EV 95.0 MPH), Distance : 367 ft
|
|
Batting: RHB John Ham
|
0-0: Called Strike 0-1: Ball 1-1: Foul Ball, location: 2F 1-2: Foul Ball, location: 2F 1-2: Ground out U3 (Groundball, 34, EV 83.8 MPH)
|
| Bottom of the 7th over - 2 runs, 2 hits, 0 errors, 0 left on base; Miami 4 - Montreal 10 |
| TOP OF THE 8TH |
|
Miami Marlins batting - Pitching for Montreal Expos : RHP Tyler Lybrand
|
|
Batting: RHB Steve Barnard
|
0-0: Called Strike 0-1: Swinging Strike 0-2: Foul Ball, location: 2F 0-2: Foul Ball, location: 2F 0-2: Ground out 4-3 (Groundball, 4, EV 88.8 MPH)
|
|
Batting: LHB Mike Kara
|
0-0: Called Strike 0-1: Called Strike 0-2: Ball 1-2: SOLO HOME RUN (Flyball, 9D, EV 95.6 MPH), Distance : 365 ft
|
|
Batting: RHB Josh Crenwelge
|
0-0: Ball 1-0: Ground out 4-3 (Groundball, 4, EV 87.5 MPH)
|
|
Batting: RHB Tommy Hughes
|
0-0: Called Strike 0-1: Ball 1-1: Ground out 5-3 (Groundball, 56D, EV 105.6 MPH)
|
| Top of the 8th over - 1 run, 1 hit, 0 errors, 0 left on base; Miami 5 - Montreal 10 |
| BOTTOM OF THE 8TH |
|
Montreal Expos batting - Pitching for Miami Marlins : RHP Travis Small
|
|
Batting: SHB Bran Stark
|
0-0: Swinging Strike 0-1: Called Strike 0-2: Strikes out swinging
|
|
Batting: RHB Robby Juarez
|
0-0: Ball 1-0: Ball 2-0: Ground out 6-3 (Groundball, 6, EV 87.5 MPH)
|
|
Batting: RHB Mike Salmon
|
0-0: Ball 1-0: Ball 2-0: Ball 3-0: Called Strike 3-1: Base on Balls
|
|
Batting: RHB Hugo Bautista
|
0-0: Ball 1-0: Called Strike 1-1: SINGLE (Groundball, 56D, EV 103.1 MPH) Mike Salmon to second
|
|
Batting: LHB Jimmy Buscemi
|
0-0: Called Strike 0-1: Ball 1-1: Swinging Strike 1-2: Strikes out swinging
|
| Bottom of the 8th over - 0 runs, 1 hit, 0 errors, 2 left on base; Miami 5 - Montreal 10 |
| TOP OF THE 9TH |
|
Miami Marlins batting - Pitching for Montreal Expos : RHP Tyler Lybrand
|
|
Batting: LHB Luis Aguilar
|
0-0: Ball 1-0: Called Strike 1-1: Ball 2-1: Swinging Strike 2-2: Ball 3-2: Base on Balls
|
|
Pitching: RHP Eric Hudson
|
|
|
Batting: RHB Jeff Garofalo
|
0-0: Foul Ball, location: 2F 0-1: Ball 1-1: Foul Ball, location: 2F 1-2: Ball 2-2: Ball 3-2: Strikes out swinging
|
|
Batting: RHB Micah Christopher
|
0-0: Grounds into double play, 6-4-3 (Groundball, 6, EV 88.8 MPH)
|
| Top of the 9th over - 0 runs, 0 hits, 0 errors, 0 left on base; Miami 5 - Montreal 10 |
|